 Dungeon Crawl Stone Soup version 0.31.0-10-gcf4a605ca0 (webtiles) character file.

Game seed: 5695492939924428679

252466 Implojin the Acrobat (level 18, 0/107 HPs)
             Began as a Deep Elf Gladiator on Jan 26, 2024.
             Was an Elder of Hepliaklqana.
             Slain by a vault warden
             ... wielding a +2 long sword of holy wrath
              (14 damage)
             ... on level 2 of the Vaults.
             The game lasted 02:01:05 (47111 turns).

Implojin the Acrobat (Deep Elf Gladiator)          Turns: 47111, Time: 02:01:06

Health: 0/107      AC: 25    Str: 11    XL:     18   Next: 96%
Magic:  0/26       EV: 25    Int: 11    God:    Hepliaklqana [****..]
Gold:   124        SH: 14    Dex: 22    Spells: 17/17 levels left

rFire   + + +        a - +8 rapier (chaos)
rCold   + . .        O - +0 kite shield
rNeg    . . .        s - +0 swamp dragon scales
rPois   +            z - +2 hat {Stlth+}
rElec   +            E - +2 cloak
rCorr   +            K - +2 pair of gloves
SInv    .            l - +2 pair of boots
Will    +....        u - amulet "Neuhaf" {Spirit rElec rF+++ Int-5 Slay+3}
Stlth   ++++++       q - +4 ring of protection
HPRegen 0.37/turn    k - +4 ring of slaying
MPRegen 0.20/turn

%: guardian spirit
@: mighty, resistant, marked, frozen, studying Ice Magic, very slow
A: reduced essence
}: 2/15 runes: decaying, serpentine
a: Renounce Religion, Recall Ancestor, Ancestor Identity, Transference, Idealise


You were on level 2 of the Vaults.
You worshipped Hepliaklqana.
Hepliaklqana was greatly pleased with you.
You visited 7 branches of the dungeon, and saw 33 of its levels.
You also visited: Ice Cave.

You collected 3388 gold pieces.
You spent 3264 gold pieces at shops.

Inventory:

Hand Weapons
 a - a +8 rapier of chaos (weapon)
Missiles
 B - 14 boomerangs (quivered)
 C - 6 silver javelins
 D - 4 curare-tipped darts
 F - 8 atropa-tipped darts
Armour
 e - the +1 leather armour of Weightlessness {Rampage rElec Will+}
   (You found it on level 1 of the Snake Pit)

   rElec:     It insulates you from electricity.
   Will+:     It increases your willpower.
   Rampage:   It bestows one free step when moving towards enemies.
 l - a +2 pair of boots (worn)
 s - +0 swamp dragon scales (worn)
 w - the +4 skin of Zhor {*Englaciate rC+++ SInv}
   (You found it in an ice cave)

   *Englaciate: It radiates cold, occasionally slowing all nearby creatures who
   are not resistant to cold.
   rC+++:     It renders you almost immune to cold.
   SInv:      It lets you see invisible.
 z - a +2 hat of stealth (worn)
 E - a +2 cloak (worn)
 K - a +2 pair of gloves (worn)
 L - a +1 leather armour of poison resistance
 O - a +0 kite shield (worn)
 V - the +0 pair of gloves of Morality {Rampage rC+ Int+3 Stlth+}
   (You found it on level 4 of the Lair of Beasts)

   Int+3:     It affects your intelligence (+3).
   rC+:       It protects you from cold.
   Rampage:   It bestows one free step when moving towards enemies.
   Stlth+:    It makes you more stealthy.
 Y - the +1 leather armour of Living Creativity {rElec Regen+}
   (You found it on level 1 of the Lair of Beasts)

   rElec:     It insulates you from electricity.
   Regen+:    It increases your rate of health regeneration.
Jewellery
 k - a +4 ring of slaying (right hand)
 q - a +4 ring of protection (left hand)
 t - a ring of see invisible
 u - the amulet "Neuhaf" (around neck) {Spirit rElec rF+++ Int-5 Slay+3}
   (You bought it in a shop on level 2 of the Snake Pit)

   [amulet of guardian spirit]

   Spirit:    It causes incoming damage to be divided between your reserves of
   health and magic.
   Int-5:     It affects your intelligence (-5).
   Slay+3:    It affects your accuracy & damage with ranged weapons and melee
   (+3).
   rF+++:     It renders you almost immune to fire.
   rElec:     It insulates you from electricity.
 J - a ring of flight
 N - a +4 ring of protection
 X - a ring of fire
Wands
 c - a wand of polymorph (13)
 d - a wand of iceblast (33)
 m - a wand of mindburst (6)
 v - a wand of digging (7)
 Q - a wand of quicksilver (7)
 W - a wand of charming (11)
Scrolls
 f - a scroll of brand weapon
 h - 2 scrolls of teleportation
 i - 5 scrolls of vulnerability
 p - 7 scrolls of immolation
 r - 11 scrolls of identify
 G - 2 scrolls of silence
 I - a scroll of revelation
 Z - a scroll of fog
Potions
 b - 4 potions of magic
 g - 2 potions of berserk rage {unknown}
 n - 5 potions of might
 o - 5 potions of cancellation
 x - a potion of curing
 A - a potion of ambrosia
 H - a potion of enlightenment
 R - 3 potions of mutation
 S - 2 potions of attraction
Miscellaneous
 j - a condenser vane (inert)
 y - a phantom mirror (inert)


   Skills:
 - Level 15.1 Fighting
 - Level 14.0 Short Blades
 * Level 2.2 Throwing
 - Level 7.1 Armour
 - Level 23.8 Dodging
 - Level 14.0 Stealth
 - Level 11.8 Shields
 - Level 9.0 Invocations


You had 17 spell levels left.
You didn't know any spells.
Your spell library contained the following spells:

 Spells                   Type           Power      Damage    Failure   Level
 Necrotise                Necr           0%         1d4       88%         1
 Shock                    Conj/Air       0%         1d3       88%         1
 Summon Small Mammal      Summ           0%         N/A       88%         1
 Blink                    Tloc           0%         N/A       95%         2
 Ensorcelled Hibernation  Hex/Ice        0%         N/A       95%         2
 Lesser Beckoning         Tloc           0%         N/A       95%         2
 Mercury Vapours          Alch/Air       0%         N/A       95%         2
 Momentum Strike          Conj/Tloc      0%         3d8       95%         2
 Sublimation of Blood     Necr           0%         N/A       95%         2
 Call Canine Familiar     Summ           0%         N/A       99%         3
 Dazzling Flash           Conj/Hex       0%         N/A       99%         3
 Fugue of the Fallen      Necr           0%         N/A       99%         3
 Mephitic Cloud           Conj/Alch/Air  0%         N/A       99%         3
 Sigil of Binding         Hex            0%         N/A       99%         3
 Stone Arrow              Conj/Erth      0%         3d7       99%         3
 Swiftness                Air            0%         N/A       99%         3
 Tukima's Dance           Hex            0%         N/A       99%         3
 Vampiric Draining        Necr           0%         2d6       99%         3
 Airstrike                Air            0%         2d(0-16)  100%        4
 Anguish                  Hex/Necr       0%         N/A       100%        4
 Animate Armour           Summ/Erth      0%         N/A       100%        4
 Cause Fear               Hex            0%         N/A       100%        4
 Dimensional Bullseye     Hex/Tloc       0%         N/A       100%        4
 Iskenderun's Mystic Bla  Conj/Tloc      0%         2d3       100%        4
 Martyr's Knell           Necr/Summ      0%         N/A       100%        4
 Petrify                  Alch/Erth      0%         N/A       100%        4
 Curse of Agony           Necr           0%         N/A       100%        5
 Freezing Cloud           Conj/Ice/Air   0%         6-21      100%        5
 Irradiate                Conj/Alch      0%         3d11      100%        5
 Silence                  Hex/Air        0%         N/A       100%        5
 Enfeeble                 Hex            0%         N/A       100%        7
 Monstrous Menagerie      Summ           0%         N/A       100%        7
 Lehudib's Crystal Spear  Conj/Erth      0%         10d2      100%        8
 Chain Lightning          Conj/Air       0%         N/A       100%        9
 Fire Storm               Conj/Fire      0%         5d1       100%        9
 Shatter                  Erth           0%         3d5*      100%        9


Dungeon Overview and Level Annotations

Branches:
Dungeon (15/15)            Temple (1/1) D:7            Lair (5/5) D:9
  Swamp (4/4) Lair:2        Snake (4/4) Lair:2        Slime (0/5) Lair:4
    Orc (2/2) D:11            Elf (0/3) Orc:2        Vaults (2/5) D:13
 Depths (0/4) D:15          IceCv (visited)
  Crypt: Vaults:2-3

Altars:
Ashenzari
Cheibriados
Dithmenos
Elyvilon
Fedhas
Gozag
Hepliaklqana
Kikubaaqudgha
Makhleb
Nemelex Xobeh
Okawaru
Qazlal
Ru
Sif Muna
Trog
Uskayaw
Vehumet
Wu Jian
Xom
Yredelemnul
Zin
The Shining One
Lugonu

Shops:
D:14 *   D:15 ?*!*(   Orc:1 [   Orc:2 ?=(*[   Snake:2 :*   Snake:3 !*:
Snake:4 :=:

Annotations:
D:7 exclusion: door
Lair:4 1 runed translucent door
Snake:4 Bai Suzhen


Message History

You block the vault warden's attack.
The peacekeeper hurls a volley of spikes at you.
The volley of spikes misses you.
The war gargoyle hits you with a +2 morningstar of pain!!!
Danger: Low HP Warning |T3| Reason: 24% HP (26/107)
Your surroundings suddenly seem different.
An ironbound frostheart and a vault warden come into view.
The vault warden is wielding a +2 long sword of holy wrath.
The vault warden shouts!
The ironbound frostheart shouts!
You hear a shout!
The vault warden activates a sealing rune.
A door slams shut!
Unknown command.
Okay, then.
Okay, then.
Okay, then.
C r a B is recalled.
A sphinx comes into view.
The ironbound frostheart calls freezing cold from the walls.
The frost grips you!
You are encased in ice.
The frost grips c r a B.
C r a B resists.
Danger: sphinx |T3| Reason: Paralyse 34%, equip more Will?
Danger: sphinx |T2| Reason: Slow 34%, equip more Will?
Danger: Low HP Warning |T3| Reason: 13% HP (14/107)
Okay, then.
Okay, then.
Okay, then.
Okay, then.
Aiming: Charm
Press: ? - help, Shift-Dir - straight line, f - vault warden
Aim: a vault warden, wielding a +2 long sword of holy wrath, wearing a +0 plate armour and wearing a +0 kite shield (chance to affect: 17%)
Okay, then.
Okay, then.
Okay, then.
You feel protected.
The sphinx mumbles some strange words.
You resist with some effort.
The vault warden hits you with a +2 long sword of holy wrath!
You die...

#### ...#
###..#
#?pR.# #@.#
#?p..+.....
###..#.....
#..# ....
#..# ...
H..# ..
...# # ####


You could see the friendly c r a B the hexer (idealised), a sphinx, a vault
warden and an ironbound frostheart (ally target).

Vanquished Creatures
  Vashnia (Snake:2)
  Saint Roka (Orc:2)
  Rupert (D:12)
  A tentacled monstrosity (Swamp:4)
  Jorgrun (D:13)
  Gastronok (Lair:1)
  The ghost of Hildebrand the Severer, an adept MiBe of Trog (Swamp:3)
  A thorn hunter (Swamp:4)
  Donald (Orc:2)
  A storm dragon (D:14)
  2 nagarajas (Snake:4)
  A frost giant (D:14)
  3 vault wardens
  4 ironbound preservers
  2 orc warlords
  A formless jellyfish (Vaults:1)
  A stone giant (D:14)
  3 eleionomae
  2 war gargoyles (Vaults:1)
  4 bunyips
  An ettin (Orc:2)
  A crystal guardian (Vaults:1)
  The ghost of osinmv the Thaumaturge, a journeyman DjFE of Gozag (Lair:1)
  A yaktaur captain (Vaults:2)
  3 shambling mangroves
  A rakshasa (D:14)
  21 hydras
  A peacekeeper (Vaults:1)
  2 death knights
  A great orb of eyes (Vaults:1)
  4 salamander tyrants
  5 vault guards
  A ghost crab (Swamp:2)
  A catoblepas (Lair:5)
  8 alligators
  2 ironbound frosthearts
  3 death yaks (Lair:5)
  5 anacondas
  5 centaur warriors
  3 boulder beetles
  2 two-headed ogres (D:14)
  9 naga warriors
  5 tengu warriors
  14 naga sharpshooters
  A dancing weapon (Swamp:3)
  A shock serpent (shapeshifter) (D:15)
  2 hell hogs (Lair:5)
  6 shock serpents
  2 orc high priests (Orc:2)
  A skyshark (Lair:5)
  4 salamander mystics
  3 goliath frogs
  5 swamp dragons
  A glowing orange brain (D:15)
  A spriggan druid (Swamp:2)
  6 deep trolls (Vaults:1)
  15 mana vipers
  6 bog bodies
  4 harpies (D:13)
  6 naga ritualists
  4 orc knights
  A lindwurm (Lair:5)
  4 deep elf pyromancers
  2 orc sorcerers (Orc:2)
  17 ugly things
  6 cyclopes
  3 manticores
  A will-o-the-wisp (Swamp:3)
  17 salamanders
  5 guardian serpents
  3 kobold blastminers
  An ice statue (IceCv)
  6 naga magi
  4 molten gargoyles
  31 black mambas
  9 elephants
  A torpor snail (Lair:3)
  A gargoyle (D:13)
  7 vault sentinels
  10 komodo dragons
  2 cane toads
  7 rime drakes
  2 kobold demonologists (D:13)
  An ice devil (IceCv)
  5 yaktaurs
  4 freezing wraiths
  An anaconda simulacrum (IceCv)
  2 tengu conjurers
  2 bloated husks
  A polar bear (Lair:2)
  5 trolls
  10 tyrant leeches
  A tarantella (shapeshifter) (D:13)
  9 hornets
  7 blink frogs
  3 dream sheep (Lair:5)
  26 slime creatures
  A vampire (D:10)
  A yak (shapeshifter) (D:15)
  5 spriggans
  Sigmund (D:6)
  4 wyverns (Lair:5)
  6 wraiths
  A shadow (D:10)
  A hog (D:14)
  24 yaks
  A dire elephant simulacrum (IceCv)
  Eustachio (D:4)
  2 humans
  2 steam dragons
  4 basilisks
  5 vampire mosquitoes
  A harpy simulacrum (IceCv)
  13 swamp worms
  Edmund (D:6)
  24 nagas
  3 hydra simulacra (IceCv)
  3 acid dragons
  14 water moccasins
  3 hell hounds (Lair:5)
  Pargi (D:3)
  4 black bears
  2 ice beasts
  3 sky beasts (D:7)
  5 swamp drakes (Swamp:4)
  33 orc warriors
  2 laughing skulls (D:14)
  An ogre (D:14)
  9 centaurs
  11 wolves
  3 phantoms
  3 kobold brigands
  9 bullfrogs
  3 two-headed ogre simulacra (IceCv)
  2 gnoll sergeants
  5 scorpions
  A cane toad simulacrum (Lair:1)
  11 wights
  8 killer bees
  4 elephant simulacra (IceCv)
  6 electric eels
  3 howler monkeys (D:10)
  9 lava snakes
  3 bombardier beetles
  3 jellies
  8 hounds
  3 quasits
  A wyvern simulacrum (Lair:1)
  9 orc priests
  Crazy Yiuf (D:2)
  3 iguanas
  3 sleepcaps
  A gnoll bouda (D:6)
  Terence (D:3)
  20 orc wizards
  2 polar bear simulacra (IceCv)
  8 spriggan simulacra (IceCv)
  Natasha (thrice) (D:2)
  5 troll simulacra (IceCv)
  A wolf simulacrum (IceCv)
  2 bullfrog simulacra (Lair:1)
  11 adders
  3 gnolls (D:6)
  2 naga simulacra (IceCv)
  5 shadow imps
  7 white imps
  7 ufetubi
  2 dart slugs
  A ribbon worm (D:3)
  64 orcs
  2 endoplasms (D:2)
  3 giant cockroaches (D:1)
  6 goblins
  6 hobgoblins
  2 jackals (D:5)
  2 quokkas
  8 ball pythons
  5 bats
  A frilled lizard (D:2)
  25 kobolds
  2 rats (D:1)
  2 spectral weapons
920 creatures vanquished.

Vanquished Creatures (collateral kills)
  A tentacled monstrosity (Swamp:4)
  Kirke (D:14)
  A storm dragon (D:14)
  2 nagarajas (Snake:4)
  An ironbound thunderhulk (Vaults:1)
  An ironbound preserver (Vaults:1)
  A dire elephant (Vaults:1)
  3 vault guards
  A rakshasa (D:15)
  A peacekeeper (Vaults:1)
  The ghost of ojifijod the Brawler, a journeyman MiFi of Okawaru (D:9)
  A salamander tyrant (Snake:4)
  An ironbound frostheart (D:13)
  2 hydras (Swamp:4)
  An ogre mage (D:14)
  An anaconda (Snake:4)
  2 ghost crabs
  3 alligators
  3 two-headed ogres
  A death yak (Lair:5)
  An orc high priest (Orc:2)
  Urug (Orc:2)
  A spriggan berserker (Swamp:4)
  4 naga sharpshooters
  2 deep trolls (Vaults:1)
  3 bog bodies
  A spriggan druid (Swamp:1)
  A mana viper (Snake:4)
  A phantasmal warrior (D:15)
  2 orc knights
  A naga ritualist (Snake:4)
  2 orc sorcerers (Orc:2)
  A deep elf zephyrmancer (D:10)
  5 salamanders
  A manticore (D:11)
  A cyclops (D:11)
  An elephant (Lair:4)
  4 black mambas
  A naga mage (Snake:3)
  A molten gargoyle (Lair:5)
  A guardian serpent (Snake:4)
  3 cane toads
  2 komodo dragons
  A gargoyle (D:13)
  A yaktaur (Vaults:2)
  An ice devil (IceCv)
  A kobold demonologist (D:13)
  2 rime drakes
  Psyche (D:10)
  2 hornets
  A tyrant leech (Swamp:2)
  4 dream sheep (Lair:5)
  3 blink frogs
  5 slime creatures
  A spriggan (Swamp:3)
  A vampire (D:10)
  10 yaks
  2 hogs (D:14)
  2 wraiths
  A human (D:14)
  A wyvern (Lair:1)
  3 basilisks
  A steam dragon (D:8)
  A fire bat (Vaults:1)
  A vampire mosquito (Swamp:1)
  A warg (Orc:2)
  4 nagas
  A swamp worm (Swamp:1)
  3 water moccasins
  A hydra simulacrum (IceCv)
  A hell hound (Lair:5)
  A hexer (Snake:4)
  A swamp drake (Swamp:4)
  5 orc warriors
  A black bear (D:9)
  6 wolves
  2 centaurs
  2 kobold brigands
  A cane toad simulacrum (Lair:1)
  2 two-headed ogre simulacra (IceCv)
  2 wights
  3 killer bees
  3 howler monkeys
  2 lava snakes
  5 orc priests
  9 orc wizards
  A spriggan simulacrum (IceCv)
  A bullfrog simulacrum (Lair:1)
  2 naga simulacra (IceCv)
  An ufetubus (IceCv)
  18 orcs
  7 kobolds
  3 butterflies
205 creatures vanquished.

Vanquished Creatures (others)
  An orc knight (Orc:2)
  A yaktaur (Vaults:2)
  2 yaks
  A kobold brigand (D:10)
  34 hexers
  A water moccasin simulacrum (Lair:1)
  An ancestor (D:8)
  11 foxfires (Swamp:3)
  13 spectral weapons
65 creatures vanquished.

Grand Total: 1190 creatures vanquished

Notes
Turn   | Place    | Note
-------+----------+-------------------------------------------
     0 | D:1      | Implojin the Deep Elf Gladiator began the quest for the
                  | Orb.
     0 | D:1      | Reached XP level 1. HP: 12/12 MP: 3/3
   437 | D:1      | Reached XP level 2. HP: 15/16 MP: 4/4
  1577 | D:2      | Reached XP level 3. HP: 21/21 MP: 5/5
  1668 | D:2      | Found a runed translucent door.
  1669 | D:2      | Noticed Crazy Yiuf
  1738 | D:2      | Noticed Natasha
  1746 | D:2      | Killed Natasha
  1820 | D:2      | Found a hide-covered altar of Uskayaw.
  2039 | D:2      | Reached XP level 4. HP: 26/26 MP: 6/6
  2279 | D:2      | Noticed Natasha
  2291 | D:2      | Killed Natasha
  2393 | D:2      | Noticed Natasha
  2408 | D:2      | Killed Natasha
  2409 | D:2      | Reached skill level 4 in Dodging
  3012 | D:2      | Found a hide-covered altar of Uskayaw.
  3179 | D:3      | Noticed Pargi
  3301 | D:3      | Reached XP level 5. HP: 30/30 MP: 7/7
  3574 | D:3      | Killed Pargi
  3575 | D:3      | Reached skill level 6 in Dodging
  3712 | D:3      | Noticed Terence
  3722 | D:3      | Killed Terence
  3723 | D:3      | Reached XP level 6. HP: 26/35 MP: 8/8
  4421 | D:4      | Found a broken altar of Ashenzari.
  4478 | D:3      | Reached skill level 7 in Dodging
  4626 | D:4      | Found a burning altar of Makhleb.
  4628 | D:4      | Found a bloodstained altar of Trog.
  4636 | D:4      | Noticed Eustachio
  4812 | D:4      | Killed Eustachio
  4813 | D:4      | Reached skill level 8 in Dodging
  4813 | D:4      | Reached XP level 7. HP: 40/40 MP: 9/9
  5037 | D:4      | Found an ornate altar of the Wu Jian Council.
  5071 | D:4      | Found a shimmering blue altar of Sif Muna.
  5072 | D:4      | Found a sacrificial altar of Ru.
  5075 | D:4      | Found a white marble altar of Elyvilon.
  5076 | D:4      | Found a stormy altar of Qazlal.
  5212 | D:5      | Entered Level 5 of the Dungeon
  5391 | D:5      | Reached skill level 9 in Dodging
  5526 | D:5      | Reached skill level 10 in Dodging
  5706 | D:5      | Reached XP level 8. HP: 26/44 MP: 10/10
  5851 | D:5      | Reached skill level 11 in Dodging
  6087 | D:5      | Reached skill level 12 in Dodging
  6516 | D:6      | Noticed a troll
  6893 | D:2      | Killed Crazy Yiuf
  7106 | D:5      | Reached XP level 9. HP: 52/52 MP: 11/11
  7270 | D:6      | Killed a troll
  7271 | D:6      | Reached skill level 5 in Fighting
  7271 | D:6      | Reached skill level 5 in Stealth
  7332 | D:6      | Noticed Sigmund
  7609 | D:6      | Killed Sigmund
  7834 | D:6      | Noticed Edmund
  7863 | D:6      | Killed Edmund
  8716 | D:7      | Reached skill level 13 in Dodging
  9136 | D:7      | Reached skill level 14 in Dodging
  9630 | D:7      | Found a staircase to the Ecumenical Temple.
  9637 | Temple   | Entered the Ecumenical Temple
  9654 | Temple   | Became a worshipper of Hepliaklqana the Forgotten
  9730 | D:7      | Reached XP level 10. HP: 51/59 MP: 10/12
  9832 | D:8      | Noticed a +0 falchion
  9832 | D:8      | Noticed a +0 short sword
  9832 | D:8      | Noticed a +0 dagger
  9832 | D:8      | Noticed a +0 falchion
  9833 | D:8      | Noticed a +0 spear
  9833 | D:8      | Noticed a +0 dagger
  9833 | D:8      | Noticed a +0 short sword
  9834 | D:8      | Noticed a +0 spear
  9843 | D:8      | Found a hide-covered altar of Uskayaw.
  9850 | D:8      | Noticed an elephant
  9860 | D:8      | Noticed an elephant
 10094 | D:8      | Noticed an elephant
 10102 | D:8      | Killed an elephant
 10143 | D:8      | Reached skill level 15 in Dodging
 10298 | D:8      | Noticed an elephant
 10306 | D:8      | Killed an elephant
 10515 | D:8      | Reached * piety under Hepliaklqana
 11059 | D:9      | Reached skill level 16 in Dodging
 11148 | D:9      | Identified the +8 shortbow of the Shoals {drain, rC+ Int-2
                  | SInv}
 11380 | D:9      | Found a staircase to the Lair.
 11517 | D:9      | Reached skill level 17 in Dodging
 11784 | D:10     | Entered Level 10 of the Dungeon
 11784 | D:10     | Noticed a manticore
 11784 | D:10     | Reached ** piety under Hepliaklqana
 11784 | D:10     | Found a runed translucent gate.
 11784 | D:10     | Found a runed translucent gate.
 11784 | D:10     | Found a runed translucent gate.
 11785 | D:10     | Remembered your ancestor c r a B as a hexer
 11794 | D:10     | Noticed ojifijod's ghost (journeyman MiFi)
 11812 | D:10     | Noticed a deep elf zephyrmancer
 11814 | D:10     | Noticed a manticore
 11859 | D:10     | Noticed Psyche
 11864 | D:10     | Killed Psyche
 11865 | D:10     | Reached skill level 5 in Short Blades
 11918 | D:10     | Reached XP level 11. HP: 51/56 MP: 10/13
 11996 | D:10     | Found a snail-covered altar of Cheibriados.
 12295 | D:10     | Found a glowing golden altar of the Shining One.
 12494 | D:11     | Noticed a white ugly thing
 12504 | D:11     | Killed a white ugly thing
 12538 | D:11     | Found a staircase to the Orcish Mines.
 12991 | D:11     | Reached skill level 10 in Stealth
 13585 | Lair:1   | Entered Level 1 of the Lair of Beasts
 13596 | Lair:1   | Identified the +0 ring mail "Viagowo" {rC- Regen+ rCorr}
 13714 | Lair:1   | Found a frozen archway.
 13729 | IceCv    | Entered an ice cave
 13812 | IceCv    | Reached XP level 12. HP: 54/62 MP: 11/14
 14173 | IceCv    | Reached *** piety under Hepliaklqana
 14810 | IceCv    | Found the +4 skin of Zhor {*Englaciate rC+++ SInv}
 15433 | Lair:1   | Noticed osinmv's ghost (journeyman DjFE)
 15563 | Lair:1   | Identified the +0 leather armour of Love and Death {^Contam
                  | Fly Will+ Dex+3}
 15590 | Lair:1   | Found a runed translucent gate.
 15590 | Lair:1   | Found a runed translucent gate.
 15590 | Lair:1   | Found a runed translucent gate.
 15657 | Lair:1   | Noticed Gastronok
 15664 | Lair:1   | Killed Gastronok
 16104 | Lair:2   | Reached skill level 10 in Short Blades
 16123 | Lair:2   | Found a staircase to the Snake Pit.
 16476 | Lair:2   | Reached **** piety under Hepliaklqana
 16586 | Lair:2   | Found a staircase to the Swamp.
 17038 | Lair:2   | Reached skill level 1 in Invocations
 17855 | Lair:3   | Reached skill level 5 in Invocations
 17967 | Lair:3   | Found a runed translucent door.
 18223 | Lair:3   | Noticed a six-headed hydra
 18337 | Lair:3   | Reached XP level 13. HP: 49/68 MP: 13/19
 18587 | Lair:4   | Identified the +0 pair of gloves of Morality {Rampage rC+
                  | Int+3 Stlth+}
 18610 | Lair:4   | Reached ***** piety under Hepliaklqana
 19190 | Lair:4   | Noticed an acid blob
 19191 | Lair:4   | Found a runed translucent door.
 19191 | Lair:4   | Found a staircase to the Slime Pits.
 19191 | Lair:4   | Noticed an acid blob
 19387 | Lair:5   | Entered Level 5 of the Lair of Beasts
 19450 | Lair:5   | Found an ornate altar of the Wu Jian Council.
 19555 | Lair:5   | Reached skill level 18 in Dodging
 20138 | Lair:5   | Reached skill level 19 in Dodging
 20467 | Lair:5   | Found a large runed translucent door.
 20468 | Lair:5   | Found a large runed translucent door.
 20579 | Lair:5   | Reached XP level 14. HP: 73/73 MP: 22/22
 21132 | Lair:5   | Reached skill level 20 in Dodging
 21255 | Lair:1   | Killed osinmv's ghost
 21282 | Lair:1   | Identified the +1 leather armour of Living Creativity
                  | {rElec Regen+}
 22139 | D:9      | Killed ojifijod's ghost
 22405 | D:12     | Reached skill level 21 in Dodging
 22613 | D:12     | Identified the +2 spear of the Demagogue {flame, rF+}
 22860 | D:12     | Noticed Rupert
 22869 | D:12     | Killed Rupert
 24004 | D:13     | Reached skill level 10 in Fighting
 24099 | D:13     | Found a corrupted altar of Lugonu.
 24212 | D:13     | Noticed Jorgrun
 24296 | D:14     | Noticed a storm dragon
 24297 | D:14     | Noticed a storm dragon
 24403 | D:14     | Found Zafrikul's Assorted Antiques.
 24469 | D:14     | Reached skill level 1 in Shields
 24496 | D:14     | Reached XP level 15. HP: 59/82 MP: 12/23
 24595 | D:14     | Killed a storm dragon
 24596 | D:14     | Reached skill level 5 in Shields
 24683 | D:14     | Killed a storm dragon
 24832 | D:14     | Noticed Kirke
 24843 | D:14     | Noticed a sphinx
 24843 | D:14     | Killed Kirke
 24871 | D:14     | Noticed a frost giant
 25055 | D:14     | Identified the +1 halberd "Donuj" {venom, Int+3}
 25466 | D:14     | Killed a frost giant
 25549 | D:14     | Identified the staff of Indomitability {Fly rElec rPois
                  | Alchemy}
 25948 | D:15     | Entered Level 15 of the Dungeon
 25948 | D:15     | Found Tuej's Weapon Shop.
 25979 | D:15     | Found Nel Tiub's Distillery.
 26027 | D:15     | Found Xown's Assorted Antiques.
 26633 | D:15     | Found Mivur's Assorted Antiques.
 26641 | D:15     | Bought a fine iron amulet for 110 gold pieces
 26641 | D:15     | Identified the amulet of Salvation {Reflect +Inv rElec rC++
                  | Will- SH+5} (You bought it in a shop on level 15 of the
                  | Dungeon)
 27093 | D:15     | Found a staircase to the Depths.
 27143 | D:15     | Reached skill level 1 in Armour
 27315 | D:15     | Found Gubainid's Magic Scroll Boutique.
 27794 | D:13     | Found a gate to the Vaults.
 27882 | Orc:1    | Entered Level 1 of the Orcish Mines
 28146 | Orc:2    | Entered Level 2 of the Orcish Mines
 28259 | Orc:1    | Found Wilue's Antique Armour Shop.
 28410 | Orc:2    | Found Xomo's Magic Scroll Emporium.
 28423 | Orc:2    | Noticed Urug
 28427 | Orc:2    | Noticed Saint Roka
 28432 | Orc:2    | Killed Urug
 28702 | Orc:2    | Killed Saint Roka
 28703 | Orc:2    | Reached skill level 5 in Armour
 29140 | Orc:2    | Noticed Donald
 29150 | Orc:2    | Killed Donald
 29263 | Orc:2    | Found a staircase to the Elven Halls.
 29644 | Orc:2    | Reached XP level 16. HP: 59/87 MP: 18/24
 29846 | Orc:2    | Found Melablime's General Store.
 29869 | Orc:2    | Found Jietenus's Jewellery Emporium.
 29870 | Orc:2    | Found Keoraosh's Antique Armour Shoppe.
 29870 | Orc:2    | Found Wuraiwn's Antique Weapon Shoppe.
 30075 | Orc:2    | Bought a scroll of enchant weapon for 120 gold pieces
 30075 | Orc:2    | Bought a scroll of enchant armour for 120 gold pieces
 30169 | Orc:2    | Bought a +4 ring of slaying for 936 gold pieces
 30261 | Orc:2    | Bought a scroll of blinking for 120 gold pieces
 30437 | D:15     | Bought a scroll of butterflies for 52 gold pieces
 30437 | D:15     | Bought a scroll of fear for 52 gold pieces
 30437 | D:15     | Bought a scroll of fog for 52 gold pieces
 30437 | D:15     | Bought a scroll of teleportation for 39 gold pieces
 30437 | D:15     | Bought a scroll of teleportation for 39 gold pieces
 30695 | Snake:1  | Entered Level 1 of the Snake Pit
 30725 | Snake:1  | Identified the +1 leather armour of Weightlessness {Rampage
                  | rElec Will+}
 32265 | Snake:2  | Got the Compilation of Bringing Forth
 32327 | Snake:2  | Found Busantaorgh's Self-Published Books.
 32598 | Snake:2  | Found Miuziczuj's Neck Hole.
 32798 | Snake:2  | Reached skill level 22 in Dodging
 33638 | Snake:3  | Found Xanwillopi's Assorted Antiques.
 34320 | Snake:3  | Noticed Vashnia
 34592 | Snake:3  | Found Kudept's Book Emporium.
 34644 | Snake:3  | Reached skill level 23 in Dodging
 34710 | Snake:3  | Found Uhimuc's Distillery.
 34838 | Snake:2  | Killed Vashnia
 35617 | Snake:4  | Entered Level 4 of the Snake Pit
 35674 | Snake:4  | Noticed Bai Suzhen
 35725 | Snake:4  | Reached XP level 17. HP: 66/91 MP: 11/25
 36249 | D:15     | Bought a scroll of blinking for 165 gold pieces
 36497 | Swamp:1  | Entered Level 1 of the Swamp
 37885 | Swamp:2  | Identified the +2 dagger of Ujumn {pain, Dex+4}
 38046 | Swamp:3  | Identified the +3 robe of Distant Shores {Will+ Dex-4 SInv}
 38272 | Swamp:3  | Found a runed translucent door.
 38272 | Swamp:3  | Found a shimmering altar of Xom.
 38272 | Swamp:3  | Noticed Hildebrand's ghost (adept MiBe)
 38630 | Swamp:4  | Entered Level 4 of the Swamp
 38751 | Swamp:4  | Noticed a tentacled monstrosity
 38764 | Swamp:4  | Killed a tentacled monstrosity
 39102 | Swamp:4  | Noticed a tentacled monstrosity
 39113 | Swamp:4  | Killed a tentacled monstrosity
 39767 | Swamp:4  | Got a decaying rune of Zot
 39793 | Swamp:4  | Identified the +8 shortbow of Fate {drain, rF- Will++}
 40242 | Swamp:3  | Killed Hildebrand's ghost
 40615 | Snake:4  | Reached XP level 18. HP: 64/104 MP: 17/26
 42000 | Snake:4  | Reached skill level 15 in Fighting
 42049 | Snake:4  | Got a serpentine rune of Zot
 42542 | Snake:4  | Found Bujuse's Book Emporium.
 42543 | Snake:4  | Found Buovic's Jewellery Shop.
 42545 | Snake:4  | Found Xisefysm's Book Emporium.
 42823 | Snake:2  | Bought the amulet "Neuhaf" {Spirit rElec rF+++ Int-5
                  | Slay+3} for 1459 gold pieces
 43496 | Vaults:1 | Entered Level 1 of the Vaults
 44159 | D:13     | Killed Jorgrun
 44909 | Vaults:1 | Paralysed by a formless jellyfish for 1 turns
 44924 | Vaults:1 | Reached skill level 10 in Shields
 47111 | Vaults:2 | Slain by a vault warden

Illustrated notes

Levels and vault maps discovered:
D:1:      minmay_arrival_loop, layout_loops_corners, chequers_big_river
D:2:      layout_loops_corners, basic_altar, minmay_misc_feat_diagonals,
          uniq_crazy_yiuf_cottage, uniq_natasha
D:3:      layout_loops_ring, uniq_pargi, uniq_terence
D:4:      layout_rooms, minitemple, ashenzari_conservatory_becter,
          chequers_temple_overflow_statue_of_worship, minmay_cut_off,
          uniq_eustachio
D:5:      layout_basic, minmay_fractal_squares_gapless_5
D:6:      layout_basic, serial_demonic, serial_demonic_f, serial_demonic_a,
          serial_demonic_c, serial_demonic_f, serial_demonic_d,
          serial_demonic_d, uniq_sigmund, uniq_edmund
D:7:      wad_river_or_something, layout_basic,
          minmay_temple_entry_enclosed_plants, minmay_misc_feat_tiny
D:8:      wad_woods_tower, layout_gridville, nicolae_uskayaw_en_pointe
D:9:      layout_cave_pods, due_lair_maze_entry_diamond
D:10:     layout_roguey, gammafunk_ghost_split, hangedman_feature_mirror,
          uniq_psyche
D:11:     layout_rooms, hiddenorc2_lemuel, serial_bayou, serial_bayou_pond_a,
          serial_bayou_ford_a, serial_bayou_crossing, serial_bayou_pond_d
D:12:     layout_basic, uniq_rupert
D:13:     kennysheep_kobold_lugonu_temple, layout_irregular_city,
          hellmonk_vaults_keyhole, nicolae_kite_square_tiling_tiny,
          hangedman_aviary, uniq_jorgrun
D:14:     layout_cave_pods, serial_shops, shop_coins, chequers_arboretum,
          minmay_diamond_spiral, uniq_kirke
D:15:     gammafunk_enter_depths_forms, layout_loops_ring, chequers_avenue,
          serial_shops, shop, nicolae_shop_bloodbath_and_beyond,
          nicolae_shop_waterfront, shop, shop
Temple:   compressed_dpeg_triangle_lava_temple
Lair:1:   layout_gridlike, portal_ice_cave_rime, gammafunk_ghost_icy,
          chequers_serial_rivers_marsh, chequers_serial_rivers_room_b,
          beast_lair_carwin_3, lemuel_fruit_fields, lemuel_fruit_fields,
          uniq_gastronok
Lair:2:   layout_small_grid, nicolae_swamp_entry_splash_gauntlet,
          minmay_snake_entry_guardpost_small
Lair:3:   layout_cave_pods, pf_torpor_hydra, grunt_megastairs_2,
          serial_bayou_shore_a, infiniplex_staircase_pool_2, lemuel_fruit_tree
Lair:4:   cheibrodos_magma_flow, layout_loops_ring, slime_entry_2,
          chequers_serial_rivers_micro_d
Lair:5:   cheibrodos_lair_end_hotspot, layout_regular_city, basic_altar,
          lemuel_fruit_fields
Swamp:1:  layout_basic_swamp, evilmike_swamp_ruin_house_6,
          infiniplex_staircase_pool
Swamp:2:  layout_basic_swamp, evilmike_swamp_ruin_house_3,
          nicolae_swamp_tree_isthmus
Swamp:3:  layout_falls_marsh, ebering_ghost_xom, evilmike_swamp_ruin_rubble_1,
          swamp_pool_1_2
Swamp:4:  swamp_basic_johnstein, layout_basic_swamp,
          nicolae_swamp_decorative_isthmus
Snake:1:  layout_gridlike, grunt_megastairs_4
Snake:2:  layout_misc_corridors, nicolae_custom_books,
          nicolae_shop_sticking_my_neck_out
Snake:3:  layout_rooms, serial_shops, nicolae_shop_overgrown_old_shop,
          nicolae_square_shop, shop, uniq_vashnia
Snake:4:  grunt_snake_rune_pools, layout_cave_town, minmay_shop_grove,
          uniq_bai_suzhen
Orc:1:    layout_caves, serial_shops, nicolae_diamond_shop, sword_in_stone
Orc:2:    st_orc_congregation, layout_caves, serial_shops, shop, special_room,
          uniq_urug, uniq_saint_roka, uniq_donald
Vaults:1: nicolae_vaults_little_squares_3, nicolae_vaults_apartment_2,
          nicolae_vaults_more_shelving_2,
          nicolae_vaults_windows_and_doors_thing, nicolae_vaults_house_2,
          ontoclasm_vaults_idyll, hangedman_vaults_impose, v_misc_16,
          nicolae_vaults_sesquioval_fish, vaults_room_door_hall,
          v_alt_pattern_2, nicolae_vaults_trapezoid_lopsided_3,
          nicolae_vaults_trapezoid_lopsided_3, nicolae_vaults_tetromino_Z_1,
          layout_vaults_big_room
Vaults:2: st_smaller_cells, nicolae_vaults_octothorpe,
          nicolae_vaults_shrinking_rooms_1, nicolae_vaults_tangram_1,
          nicolae_vaults_network_s, nicolae_vaults_prndl,
          nicolae_vaults_surprise_closet, nicolae_vaults_sesquioval_fish,
          nicolae_vaults_specimen_jars, nicolae_vaults_trapezoid_layered,
          layout_vaults_omnicross, serial_shops, nicolae_shop_gaudy_bauble,
          uniq_asterion

Skill      XL: |  1  2  3  4  5  6  7  8  9 10 11 12 13 14 15 16 17 18 |
---------------+-------------------------------------------------------+-----
Short Blades   | 4 5 8 11 12 14 | 14.0
Fighting       | 2 4 5 7 10 13 15 | 15.1
Stealth        | 3 4 7 12 14 | 14.0
Dodging        | 4 6 8 10 12 14 17 19 21 23 | 23.8
Invocations    | 5 8 9 |  9.0
Shields        | 4 7 11 | 11.8
Armour         | 6 7 |  7.1
Throwing       | |  2.2

Action                     |  1- 3 |  4- 6 |  7- 9 | 10-12 | 13-15 | 16-18 || total
---------------------------+-------+-------+-------+-------+-------+-------++-------
  Melee: Dagger            |    55 |   109 |   569 |   682 |   485 |       ||  1900
         Rapier            |     2 |       |       |   240 |   819 |  1286 ||  2347
         Punch             |       |     1 |     9 |    18 |    19 |       ||    47
  Throw: Throwing net      |     4 |     4 |     4 |       |       |       ||    12
         Javelin           |     3 |    10 |     2 |       |       |       ||    15
         Boomerang         |       |       |    13 |     6 |       |    15 ||    34
         Dart              |       |       |    14 |       |     4 |     1 ||    19
 Invoke: Recall Ancestor   |       |       |       |     2 |     9 |    10 ||    21
         Ancestor Life: He |       |       |       |     1 |       |       ||     1
         Ancestor Identity |       |       |       |     1 |       |       ||     1
         Idealise          |       |       |       |       |    15 |    15 ||    30
  Evoke: Wand              |       |       |     5 |     6 |     6 |     1 ||    18
         Phantom mirror    |       |       |       |       |     3 |     3 ||     6
         Condenser vane    |       |       |       |       |     2 |     5 ||     7
    Use: Scroll            |       |     4 |     6 |    20 |    20 |    28 ||    78
         Potion            |       |       |       |     3 |     4 |    23 ||    30
   Stab: Held in net/web   |     1 |     2 |     1 |       |       |       ||     4
         Sleeping          |     5 |     7 |    10 |    17 |    15 |    15 ||    69
         Distracted        |       |       |     1 |    25 |    64 |    51 ||   141
         Confused          |       |       |       |    27 |    49 |    33 ||   109
         Invisible         |       |       |       |     8 |       |       ||     8
         Petrified         |       |       |       |       |     4 |       ||     4
         Paralysed         |       |       |       |       |    24 |    78 ||   102
         Petrifying        |       |       |       |       |     1 |     1 ||     2
         Fleeing           |       |       |       |       |       |     1 ||     1
 Armour: Leather armour    |    18 |    10 |       |       |    21 |   202 ||   251
         Troll leather arm |       |    34 |   246 |   199 |       |       ||   479
         Ring mail         |       |       |       |    60 |       |       ||    60
         Animal skin       |       |       |       |    35 |   276 |    69 ||   380
         Swamp dragon scal |       |       |       |       |       |   239 ||   239
  Dodge: Dodged            |    28 |    52 |   484 |   737 |   854 |   976 ||  3131
  Block: Buckler           |       |       |       |       |    44 |   301 ||   345
         Kite shield       |       |       |       |       |       |    98 ||    98
